 Dungeon Crawl Stone Soup version 0.27.0-1-g7a089689b8 (webtiles) character file.

Game seed: 3870056431274273966

181739 SnakkuSnakku7 the Bludgeoner (level 18, -13/289 HPs)
             Began as an Ogre Delver on Aug 6, 2021.
             Killed by the air
             ... invoked by a wind drake
              (20 damage)
             ... on level 4 of the Shoals.
             The game lasted 01:03:44 (41981 turns).

SnakkuSnakku7 the Bludgeoner (Ogre Delver)         Turns: 41981, Time: 01:03:45

Health: -13/289    AC: 17    Str: 31    XL:     18   Next: 31%
Magic:  18/18      EV: 19    Int:  9    God:
Gold:   982        SH:  0    Dex: 16    Spells: 17/17 levels left

rFire    . . .     SeeInvis +   a - +7 giant spiked club (spect)
rCold    + + .     Faith    .   (shield currently unavailable)
rNeg     . . .     Spirit   .   b - +0 ice dragon scales
rPois    .         Reflect  .   Q - +2 hat {SInv}
rElec    .         Harm     .   e - +0 cloak
rCorr    .         Rampage  .   (gloves unavailable)
Will     ++...                  (boots unavailable)
Stlth    ..........             l - amulet of the acrobat
HPRegen  0.58/turn              D - +4 ring of evasion
MPRegen  0.16/turn              Z - ring "Hielyg Famn" {rF+ Will+ Str+6 Int-2 Dex+4}

@: berserking (expiring), studying 2 skills, slow
A: large, unfitting armour, tough skin 1, clumsy 1, mutation resistance 1,
strong 1
a: no special abilities


You were on level 4 of the Shoals.
You visited 4 branches of the dungeon, and saw 27 of its levels.
You also visited: Sewer, Gauntlet, Ice Cave and Volcano.

You collected 2699 gold pieces.
You spent 1717 gold pieces at shops.

Inventory:

Hand Weapons
 a - a +7 spectral giant spiked club (weapon)
Missiles
 k - 2 curare-tipped darts (quivered)
 w - 46 large rocks
 C - 15 throwing nets
Armour
 b - +0 ice dragon scales (worn)
 e - a +0 cloak (worn)
 Q - a +2 hat of see invisible (worn)
Jewellery
 f - a ring of wizardry
 l - an amulet of the acrobat (around neck)
 D - a +4 ring of evasion (left hand)
 J - a +4 ring of evasion
 K - a ring of poison resistance
 L - a ring of fire
 Z - the ring "Hielyg Famn" (right hand) {rF+ Will+ Str+6 Int-2 Dex+4}
   (You found it on level 14 of the Dungeon)

   [ring of strength]

   Str:       It affects your strength (+6).
   Int:       It affects your intelligence (-2).
   Dex:       It affects your dexterity (+4).
   rF:        It protects you from fire.
   Will:      It increases your willpower.
Wands
 d - a wand of polymorph (13)
 g - a wand of digging (5)
 E - a wand of paralysis (23)
 I - a wand of flame (68)
 P - a wand of charming (19)
 U - a wand of acid (13)
 W - a wand of iceblast (14)
Scrolls
 c - 6 scrolls of fog
 i - 3 scrolls of blinking
 j - 8 scrolls of magic mapping
 n - a scroll of immolation
 o - a scroll of fear
 v - 16 scrolls of teleportation
 y - a scroll of summoning
 z - 5 scrolls of enchant armour
 F - 2 scrolls of holy word
 G - 4 scrolls of amnesia
 T - 3 scrolls of vulnerability
 Y - 5 scrolls of identify
Potions
 h - 4 potions of mutation
 m - 5 potions of haste
 p - 12 potions of curing
 q - 5 potions of might
 r - 6 potions of magic
 s - 3 potions of invisibility
 t - 2 potions of cancellation
 u - 8 potions of attraction
 x - 7 potions of resistance
 A - 4 potions of brilliance
 N - 2 potions of flight
 O - 5 potions of heal wounds
 S - a potion of ambrosia
Miscellaneous
 H - a phial of floods
 X - a phantom mirror


   Skills:
 - Level 15.0 Fighting
 + Level 19.9 Maces & Flails
 - Level 4.0 Throwing
 - Level 10.0 Armour
 - Level 14.1 Dodging
 - Level 3.7 Stealth
 - Level 8.0 Evocations


You had 17 spell levels left.
You didn't know any spells.
Your spell library contained the following spells:

 Spells                   Type           Power      Damage    Failure   Level
 Corona                   Hex            0%         N/A       63%         1
 Magic Dart               Conj           0%         1d3       63%         1
 Sandblast                Erth           0%         2d4       63%         1
 Shock                    Conj/Air       0%         1d3       63%         1
 Call Imp                 Summ           0%         N/A       77%         2
 Ensorcelled Hibernation  Hex/Ice        0%         N/A       77%         2
 Passwall                 Tmut/Erth      0%         N/A       77%         2
 Searing Ray              Conj           0%         3d3       77%         2
 Sublimation of Blood     Necr           0%         N/A       77%         2
 Mephitic Cloud           Conj/Pois/Air  0%         N/A       94%         3
 Stone Arrow              Conj/Erth      0%         3d7       94%         3
 Swiftness                Air            0%         N/A       94%         3
 Tukima's Dance           Hex            0%         N/A       94%         3
 Airstrike                Air            0%         N/A       100%        4
 Animate Dead             Necr           0%         N/A       100%        4
 Fulminant Prism          Conj/Hex       0%         3d6       100%        4
 Petrify                  Tmut/Erth      0%         N/A       100%        4
 Alistair's Intoxication  Tmut/Pois      0%         N/A       100%        5
 Bolt of Magma            Conj/Fire/Erth 0%         4d4       100%        5
 Borgnjor's Vile Clutch   Necr/Erth      0%         N/A       100%        5
 Irradiate                Conj/Tmut      0%         3d13      100%        5
 Iskenderun's Battlesphe  Conj           0%         2d6       100%        5
 Lee's Rapid Deconstruct  Erth           0%         3d5*      100%        5
 Metabolic Englaciation   Hex/Ice        0%         N/A       100%        5
 Eringya's Noxious Bog    Tmut/Pois      0%         N/A       100%        6
 Iron Shot                Conj/Erth      0%         9d1       100%        6
 Statue Form              Tmut/Erth      0%         N/A       100%        6
 Haunt                    Necr/Summ      0%         N/A       100%        7
 Spellforged Servitor     Conj/Summ      0%         N/A       100%        7
 Infestation              Necr           0%         N/A       100%        8
 Shatter                  Erth           0%         3d5*      100%        9


Dungeon Overview and Level Annotations

Branches:
Dungeon (15/15)            Temple (0/1) D:7            Lair (6/6) D:10
 Shoals (4/4) Lair:4        Snake (0/4) Lair:2        Slime (0/5) Lair:6
    Orc (2/2) D:10            Elf (0/3) Orc:2        Vaults (0/5) D:14
 Depths (0/5) D:15          Sewer (visited)           IceCv (visited)
Volcano (visited)         Gauntlet (visited)

Altars:
Ashenzari
Cheibriados
Elyvilon
Gozag
Kikubaaqudgha
Qazlal
Sif Muna
Uskayaw
Vehumet
Wu Jian
Xom
Yredelemnul
Beogh
Jiyva

Shops:
D:11 *   Orc:2 :?[((*[[?


Innate Abilities, Weirdness & Mutations

You are too large for most types of armour.
You have tough skin. (AC +1)
You are clumsy. (Dex -2)
You are somewhat resistant to further mutation.
Your muscles are strong. (Str +2)


Message History

You impale the merfolk impaler!!
The merfolk impaler is almost dead.
Your spectral +7 spectral giant spiked club hits the merfolk impaler!!
You kill the merfolk impaler!
The merfolk impaler barely misses your spectral +7 spectral giant spiked club.
The merfolk impaler misses you.
The merfolk siren hits you with a +0 spear.
* * * LOW HITPOINT WARNING * * *
The merfolk aquamancer casts a spell at you.
The ball of steam hits the water elemental!!
The ball of steam hits you!
* * * LOW HITPOINT WARNING * * *
The ball of steam hits your spectral +7 spectral giant spiked club!
Your spectral +7 spectral giant spiked club resists.
Your spectral weapon shares its damage with you!
* * * LOW HITPOINT WARNING * * *
You miss the merfolk impaler.
Your spectral +7 spectral giant spiked club hits the merfolk impaler!
You are engulfed in a cloud of scalding steam.
The wind drake flaps its wings at you. The air twists around and strikes you.
* * * LOW HITPOINT WARNING * * *
The water elemental is engulfed in a cloud of scalding steam.
The water elemental misses you.
The merfolk impaler hits you with a +0 trident!
* * * LOW HITPOINT WARNING * * *
The merfolk impaler hits you from afar with a +0 vampiric trident!
* * * LOW HITPOINT WARNING * * *
You beat the merfolk impaler like a drum!!!
The merfolk impaler is almost dead.
Your spectral +7 spectral giant spiked club closely misses the merfolk impaler.
You are engulfed in a cloud of scalding steam.
* * * LOW HITPOINT WARNING * * *
The merfolk impaler is engulfed in a cloud of scalding steam.
The merfolk impaler misses you.
The merfolk impaler hits you from afar with a +0 vampiric trident!
* * * LOW HITPOINT WARNING * * *
The wind drake flaps its wings at you. The air twists around and strikes you!!
You die...

#..# #E.#
#..# #..#
#..#
#########[.#
#8.§§P≈.m..#
#..§(E.....#
#.P8@mm8...#
#..kEm≈..).#
#...§<≈....#
#........P.#
#..8m.....≈#
#P.......≈≈#
#.......≈≈≈#
#......≈≈≈≈#
############


You could see 2 merfolk impalers, a merfolk javelineer, a wind drake (repels
missiles), 2 water elementals, a merfolk siren and a friendly spectral +7
spectral giant spiked club (summoned).

Vanquished Creatures
  Jorgrun (Orc:2)
  Rupert (Orc:2)
  A kraken (Shoals:2)
  Kirke (D:14)
  3 reapers (IceCv)
  Nessos (Lair:5)
  Azrael (D:14)
  2 dire elephants
  A red draconian (Volcano)
  A minotaur (Gauntlet)
  A merfolk javelineer (Shoals:4)
  A merfolk impaler (Shoals:4)
  The ghost of Kuidesed the Thaumaturge, a journeyman DrCj of Vehumet (Lair:1)
  2 crystal guardians (D:14)
  Harold (D:8)
  5 boulder beetles
  The ghost of indyram44 the Protected, a journeyman MiFi of Okawaru (Lair:4)
  Erolcha (D:11)
  4 vault guards (D:14)
  4 merfolk avatars (Shoals:1)
  6 hydras
  The ghost of scisormetimb3rs the Fighter, a journeyman OpBe of Trog (Lair:1)
  An ogre mage (D:15)
  10 centaur warriors
  5 alligators
  2 alligator snapping turtles (Shoals:1)
  A catoblepas (Lair:6)
  3 merfolk aquamancers
  A death knight (D:13)
  5 two-headed ogres
  The ghost of Wuochyse the Thaumaturge, a journeyman DEWz of Sif Muna (Lair:1)
  A deep troll shaman (Lair:6)
  10 death yaks (Lair:6)
  Urug (Lair:6)
  4 tengu warriors
  4 orc high priests
  3 skeletal warriors
  A fire crab (Lair:5)
  7 sea snakes
  A spark wasp zombie (D:15)
  A goliath frog (Shoals:2)
  A bog body (IceCv)
  4 wizards
  2 orange crystal statues
  Pikel (D:9)
  5 orc knights
  An obsidian statue (IceCv)
  A phantasmal warrior (D:15)
  16 harpies
  A necromancer (D:15)
  5 orc sorcerers
  12 manticores
  40 elephants
  7 fauns (Shoals:1)
  11 cyclopes
  A frost giant skeleton (D:15)
  13 ugly things
  3 salamanders (Volcano)
  2 oklob plants (Lair:6)
  A sphinx skeleton (D:15)
  10 black mambas
  4 water nymphs
  A black mamba (shapeshifter) (D:13)
  7 merfolk sirens
  4 molten gargoyles (Volcano)
  3 unseen horrors (D:12)
  9 cane toads
  2 gargoyles (Volcano)
  A torpor snail (Lair:6)
  10 freezing wraiths
  Maggie (Lair:2)
  A minotaur zombie (Gauntlet)
  4 rime drakes
  4 komodo dragons
  A kobold demonologist (D:12)
  3 tengu conjurers
  3 entropy weaver simulacra (IceCv)
  2 efreet
  3 polar bears
  3 meliai (D:13)
  15 merfolk
  3 trolls
  16 dream sheep
  2 wind drakes
  A slime creature (D:14)
  24 blink frogs
  3 hornets
  12 snapping turtles
  A spriggan skeleton (D:15)
  4 spriggans
  3 wraiths (D:13)
  A dire elephant simulacrum (IceCv)
  6 shadows
  5 spriggan simulacra (IceCv)
  26 yaks
  3 air elementals
  A vampire (D:12)
  3 wyverns
  14 water elementals
  5 hogs (D:14)
  6 basilisks
  7 fire elementals
  3 steam dragons
  Edmund (D:6)
  3 minotaur simulacra (IceCv)
  A harpy simulacrum (IceCv)
  5 wargs
  5 hell hounds
  15 water moccasins
  A hydra simulacrum (IceCv)
  2 acid dragons (D:11)
  4 black bears
  3 sky beasts
  21 orc warriors
  2 necrophages (D:6)
  An ice beast (D:6)
  A boggart (Lair:4)
  26 wolves
  7 centaurs
  14 ogres
  4 kobold brigands
  18 bullfrogs
  A gnoll sergeant (D:9)
  7 scorpions
  4 deep troll simulacra (IceCv)
  An earth elemental (D:13)
  A wyvern skeleton (D:7)
  11 killer bees
  2 lindwurm simulacra (IceCv)
  A troll zombie (D:10)
  4 electric eels
  3 howler monkeys (D:8)
  7 crimson imps (D:7)
  2 bullfrog zombies
  3 centaur zombies
  3 jellies
  4 hounds
  Crazy Yiuf (D:6)
  A bullfrog skeleton (D:6)
  A centaur skeleton (D:7)
  27 orc priests
  2 gnoll shamans
  4 iguanas
  27 orc wizards
  13 hell rats
  7 ogre zombies (D:10)
  A howler monkey zombie (D:6)
  17 gnolls
  9 adders
  5 river rats
  5 shadow imps
  3 white imps
  An ufetubus (D:7)
  2 worms
  3 dart slugs
  100 orcs
  14 ball pythons
  12 endoplasms
  4 giant cockroaches
  7 goblins
  7 hobgoblins
  13 jackals
  27 kobolds
  3 quokkas
  10 bats
  13 frilled lizards
  2 goblin skeletons (D:10)
  3 goblin zombies (D:10)
  3 hobgoblin zombies (D:10)
  5 orc skeletons (D:10)
  12 orc zombies (D:10)
  15 rats
  A spectral orc (D:4)
  A plant (Shoals:2)
  5 tentacles (Shoals:2)
1044 creatures vanquished.

Vanquished Creatures (collateral kills)
  A hydra simulacrum (IceCv)
1 creature vanquished.

Vanquished Creatures (others)
  2 humans (D:14)
  A bush (Lair:6)
  154 fungi
  147 plants
  14 tentacles (Shoals:2)
  5 withered plants (D:15)
323 creatures vanquished.

Grand Total: 1368 creatures vanquished

Notes
Turn   | Place    | Note
-------+----------+-------------------------------------------
     0 | D:5      | SnakkuSnakku7 the Ogre Delver began the quest for the Orb.
     0 | D:5      | Reached XP level 1. HP: 24/24 MP: 1/1
    17 | D:5      | Reached skill level 2 in Maces & Flails
    71 | D:5      | Noticed a jelly
   159 | D:5      | Noticed an ogre
   178 | D:5      | Killed an ogre
   179 | D:5      | Reached skill level 4 in Maces & Flails
   179 | D:5      | Reached XP level 2. HP: 32/32 MP: 2/2
   179 | D:5      | Reached XP level 3. HP: 39/39 MP: 3/3
   179 | D:5      | Reached XP level 4. HP: 48/48 MP: 4/4
   262 | D:4      | Reached XP level 5. HP: 50/54 MP: 5/5
   318 | D:3      | Found a broken altar of Ashenzari.
   324 | D:3      | Found a glowing drain.
   388 | Sewer    | Entered a sewer
   443 | Sewer    | Noticed a kobold brigand
   443 | Sewer    | Noticed a kobold brigand
   453 | Sewer    | Killed a kobold brigand
   454 | Sewer    | Reached skill level 5 in Maces & Flails
   463 | Sewer    | Killed a kobold brigand
   464 | Sewer    | Reached XP level 6. HP: 22/62 MP: 6/6
   772 | Sewer    | Reached skill level 6 in Maces & Flails
  2599 | D:1      | Found a faded altar of an unknown god.
  3142 | D:3      | Found a stormy altar of Qazlal.
  3144 | D:3      | Found a shimmering altar of Xom.
  3145 | D:3      | Found a snail-covered altar of Cheibriados.
  3152 | D:3      | Reached XP level 7. HP: 39/70 MP: 7/7
  3230 | D:3      | Found a hide-covered altar of Uskayaw.
  3315 | D:3      | Found a runed translucent door.
  3316 | D:3      | Noticed Crazy Yiuf
  3693 | D:3      | Found an ornate altar of the Wu Jian Council.
  3755 | D:4      | Reached skill level 1 in Throwing
  4506 | D:4      | Found a basalt altar of Yredelemnul.
  4515 | D:4      | Reached skill level 12 in Maces & Flails
  4515 | D:4      | Reached XP level 8. HP: 78/78 MP: 8/8
  5103 | D:5      | Found a white marble altar of Elyvilon.
  5481 | D:5      | Reached XP level 9. HP: 58/84 MP: 9/9
  5821 | D:6      | Reached skill level 13 in Maces & Flails
  5905 | D:6      | Gained mutation: You are clumsy. (Dex -2) [potion of
                  | mutation]
  5905 | D:6      | Gained mutation: Your muscles are strong. (Str +2) [potion
                  | of mutation]
  5905 | D:6      | Gained mutation: You are somewhat resistant to further
                  | mutation. [potion of mutation]
  5905 | D:6      | HP: 1/84 [water moccasin (6)]
  6362 | D:6      | Noticed Edmund
  6373 | D:6      | Killed Edmund
  7147 | D:6      | Killed Crazy Yiuf
  8343 | D:7      | Reached XP level 10. HP: 71/92 MP: 10/10
  8390 | D:7      | Reached skill level 14 in Maces & Flails
  8489 | D:7      | Reached skill level 5 in Fighting
  8562 | D:7      | Found a staircase to the Ecumenical Temple.
  9078 | D:8      | You fall into a shaft and drop 1 floor!
  9230 | D:8      | Noticed Pikel
  9246 | D:9      | Killed Pikel
  9295 | D:8      | Identified the +6 mace of Duty {flame, rElec}
  9386 | D:8      | Noticed Harold
  9439 | D:8      | Killed Harold
 10363 | D:9      | Reached XP level 11. HP: 108/117 MP: 11/11
 10439 | D:9      | Reached skill level 10 in Fighting
 10713 | D:9      | Noticed a cyclops
 10727 | D:9      | Killed a cyclops
 11006 | D:9      | Found an ancient bone altar of Kikubaaqudgha.
 11206 | D:10     | Entered Level 10 of the Dungeon
 11210 | D:10     | Found a staircase to the Orcish Mines.
 11633 | D:10     | Found a staircase to the Lair.
 12166 | D:10     | Paralysed by a hornet for 2 turns
 12172 | D:10     | Paralysed by a hornet for 2 turns
 12173 | D:10     | HP: 4/124 [hornet (5)]
 12597 | D:10     | Found a shimmering blue altar of Sif Muna.
 12645 | D:10     | Found an opulent altar of Gozag.
 13364 | Lair:1   | Entered Level 1 of the Lair of Beasts
 13429 | Lair:1   | Found a runed translucent gate.
 13429 | Lair:1   | Found a runed translucent gate.
 13429 | Lair:1   | Found a runed translucent gate.
 13434 | Lair:1   | Noticed scisormetimb3rs's ghost (journeyman OpBe)
 13434 | Lair:1   | Noticed Wuochyse's ghost (journeyman DEWz)
 13434 | Lair:1   | Noticed Kuidesed's ghost (journeyman DrCj)
 14119 | Lair:1   | Reached XP level 12. HP: 115/140 MP: 12/12
 14543 | Lair:2   | Reached skill level 15 in Fighting
 14543 | Lair:2   | Reached skill level 1 in Evocations
 15072 | Lair:2   | Noticed Maggie
 15075 | Lair:2   | Killed Maggie
 15076 | Lair:2   | Reached skill level 5 in Evocations
 15082 | Lair:2   | Found a staircase to the Snake Pit.
 15201 | Lair:2   | Noticed a dire elephant
 15205 | Lair:2   | Killed a dire elephant
 15416 | Lair:2   | Reached XP level 13. HP: 83/149 MP: 13/13
 16176 | Lair:3   | Found a radiant altar of Vehumet.
 17209 | Lair:3   | Reached skill level 5 in Dodging
 18305 | Lair:4   | Found a staircase to the Shoals.
 18579 | Lair:4   | Found a runed translucent door.
 18580 | Lair:4   | Identified the +9 spear of the Chickpea {freeze, rC++ Str-4
                  | SInv Stlth+}
 18582 | Lair:4   | Noticed indyram44's ghost (journeyman MiFi)
 19119 | Lair:5   | Found a dark tunnel.
 19324 | Volcano  | Entered a volcano
 19383 | Volcano  | Noticed a red draconian
 19433 | Volcano  | Killed a red draconian
 19702 | Volcano  | Noticed an orb of fire
 19743 | Volcano  | Noticed an orb of fire
 19969 | Lair:5   | Reached XP level 14. HP: 104/159 MP: 14/14
 20064 | Lair:5   | Noticed Nessos
 20074 | Lair:5   | Reached skill level 10 in Dodging
 20434 | Lair:5   | Killed Nessos
 20435 | Lair:5   | Reached skill level 1 in Armour
 21306 | Lair:6   | Entered Level 6 of the Lair of Beasts
 21746 | Lair:6   | Reached skill level 5 in Armour
 22940 | Lair:6   | Noticed Urug
 22959 | Lair:6   | Killed Urug
 22992 | Lair:6   | Found a runed translucent door.
 22993 | Lair:6   | Found a viscous altar of Jiyva.
 22994 | Lair:6   | Found a staircase to the Slime Pits.
 23258 | Lair:6   | Reached XP level 15. HP: 128/167 MP: 15/15
 23701 | Lair:6   | Reached skill level 10 in Armour
 24278 | Lair:1   | Killed scisormetimb3rs's ghost
 24283 | Lair:1   | Killed Kuidesed's ghost
 24284 | Lair:1   | Killed Wuochyse's ghost
 24297 | Lair:1   | Identified the ring "Ropavvo" {Will+ Str+6 Dex+2 Stlth+}
 24594 | D:11     | Noticed Erolcha
 24779 | D:11     | Killed Erolcha
 24981 | D:11     | Found Zakh's Assorted Antiques.
 24984 | D:11     | Bought a potion of heal wounds for 145 gold pieces
 25372 | D:12     | Reached skill level 15 in Maces & Flails
 26391 | Orc:1    | Entered Level 1 of the Orcish Mines
 27213 | Orc:2    | Entered Level 2 of the Orcish Mines
 27214 | Orc:2    | Found Kegif's Weapon Shop.
 27216 | Orc:2    | Found Voranep's General Store.
 27220 | Orc:2    | Noticed Rupert
 27229 | Orc:2    | Killed Rupert
 27229 | Orc:2    | Noticed Jorgrun
 27643 | Orc:2    | Killed Jorgrun
 27657 | Orc:2    | Bought a scroll of blinking for 90 gold pieces
 27657 | Orc:2    | Bought a scroll of noise for 12 gold pieces
 27842 | Orc:2    | Found Amegul's Armour Emporium.
 27878 | Orc:2    | Found a staircase to the Elven Halls.
 27881 | Orc:2    | Found Erphofeoz's Magic Scroll Emporium.
 27914 | Orc:2    | Bought a scroll of acquirement for 780 gold pieces
 27914 | Orc:2    | Bought a scroll of blinking for 112 gold pieces
 27914 | Orc:2    | Bought a scroll of enchant armour for 112 gold pieces
 27914 | Orc:2    | Bought a scroll of teleportation for 45 gold pieces
 27914 | Orc:2    | Bought a scroll of teleportation for 45 gold pieces
 27914 | Orc:2    | Bought a scroll of magic mapping for 52 gold pieces
 27914 | Orc:2    | Acquired a manual of Dodging
 28438 | Orc:2    | Found Joeribig's Armour Emporium.
 29108 | Orc:2    | Reached XP level 16. HP: 128/174 MP: 16/16
 29804 | Orc:2    | Found Egaob's Book Shop.
 29804 | Orc:2    | Found Doadin's Magic Scroll Shoppe.
 29807 | Orc:2    | Found Dyopewy's Armour Shop.
 29807 | Orc:2    | Found Geclet's Weapon Shoppe.
 29818 | Orc:2    | Bought a scroll of teleportation for 54 gold pieces
 29818 | Orc:2    | Bought a scroll of fear for 63 gold pieces
 29818 | Orc:2    | Bought a scroll of teleportation for 54 gold pieces
 29818 | Orc:2    | Bought a scroll of teleportation for 54 gold pieces
 29818 | Orc:2    | Bought a scroll of fog for 36 gold pieces
 29818 | Orc:2    | Bought a scroll of magic mapping for 63 gold pieces
 30034 | D:13     | Found a large runed translucent door.
 30037 | D:13     | Found a large runed translucent door.
 31223 | D:14     | Noticed Kirke
 31281 | D:14     | Killed Kirke
 31489 | D:14     | Found a gate to the Vaults.
 31511 | D:14     | Acquired a +1 hat of see invisible
 31886 | D:14     | Noticed Azrael
 31897 | D:14     | Reached skill level 16 in Maces & Flails
 32330 | D:14     | Found a runed translucent door.
 32489 | D:15     | Entered Level 15 of the Dungeon
 32517 | D:15     | Found a gate leading to a gauntlet.
 32526 | Gauntlet | Entered a Gauntlet
 32526 | Gauntlet | Found a transporter.
 32526 | Gauntlet | Found a transporter.
 32531 | Gauntlet | Found a transporter.
 32543 | Gauntlet | Found a runed translucent door.
 32546 | Gauntlet | Found a transporter.
 32548 | Gauntlet | Found a transporter.
 32556 | Gauntlet | Found a transporter.
 32560 | Gauntlet | Found a transporter.
 32571 | Gauntlet | Found a transporter.
 32586 | Gauntlet | Found a transporter.
 32600 | Gauntlet | Found a transporter.
 32604 | Gauntlet | Found a transporter.
 32612 | Gauntlet | Found a transporter.
 32676 | Gauntlet | Identified the +0 hat of the Manifold Hosts {rF+++ rC+
                  | Int-2}
 32774 | D:15     | Found a frozen archway.
 32818 | IceCv    | Entered an ice cave
 33461 | IceCv    | Identified the -1 helmet of Unambiguity {Regen+}
 34412 | IceCv    | Reached skill level 17 in Maces & Flails
 34509 | IceCv    | Reached XP level 17. HP: 51/184 MP: 17/17
 34992 | D:15     | Found a shimmering altar of Xom.
 35347 | D:15     | Found a staircase to the Depths.
 35793 | D:14     | Killed Azrael
 36346 | D:15     | Reached skill level 18 in Maces & Flails
 37090 | D:14     | Identified the ring "Hielyg Famn" {rF+ Will+ Str+6 Int-2
                  | Dex+4}
 37352 | Lair:4   | Killed indyram44's ghost
 37563 | Shoals:1 | Entered Level 1 of the Shoals
 38594 | Shoals:2 | Noticed a kraken
 38864 | Shoals:2 | Killed a kraken
 39052 | Shoals:1 | Reached skill level 19 in Maces & Flails
 39625 | Shoals:2 | Reached XP level 18. HP: 65/193 MP: 18/18
 39643 | Shoals:2 | HP: 3/193 [acid (11)]
 41447 | Shoals:4 | Entered Level 4 of the Shoals
 41505 | Shoals:4 | Paralysed by an air elemental for 1 turns
 41651 | Shoals:4 | Paralysed by an air elemental for 1 turns
 41655 | Shoals:3 | Paralysed by an air elemental for 1 turns
 41981 | Shoals:4 | HP: 7/289 [merfolk impaler (11)]
 41981 | Shoals:4 | Killed from afar by a wind drake

Illustrated notes

Levels and vault maps discovered:
D:1:      dpeg_arrival_central, layout_loops_corners,
          hellmonk_ecumenical_altar_leap_of_faith, st_stairs_6,
          minmay_misc_feat_nine_boxes, minmay_pentomino_s2
D:2:      layout_rooms
D:3:      layout_loops_cross, chequers_temple_overflow_statue_of_worship,
          mainiacjoe_overflow_big_doors, lemuel_crystal_altar,
          portal_sewer_entry_a, uniq_crazy_yiuf_cottage
D:4:      layout_basic, yredelemnul_forgotten_temple_becter
D:5:      layout_gridville, elyvilon_altar_1, kennysheep_generic_room_14
D:6:      layout_loops_cross, kennysheep_generic_room_6, uniq_edmund
D:7:      layout_loops_ring, minmay_temple_entry_nine_rooms,
          grunt_ministairs_10, grunt_ogre_cave, minmay_nine_imps
D:8:      layout_rooms, lemuel_flamethrower_2, uniq_pikel, uniq_harold
D:9:      layout_cave_pods, kennysheep_mini_moat, lightli_minifort
D:10:     layout_long_grid, mainiacjoe_overflow_small_starburst,
          grunt_gozag_breadcrumbs, erik_lair_orcish_takeover, zombieorc2_lemuel,
          special_room [special_room_orc]
D:11:     layout_roguey, serial_shops, kennysheep_mini, uniq_erolcha
D:12:     layout_basic, hangedman_parallel_progression
D:13:     layout_cave_pools, lightli_elemental_guards
D:14:     layout_long_grid, lightli_vaults_fourway_checkpoint,
          serial_park_fountain, minmay_crystal_box, uniq_kirke, uniq_azrael
D:15:     gammafunk_depths_entry_grave, layout_gridville,
          gauntlet_entry_generic, chequers_serial_rivers_micro_a,
          portal_ice_cave_entry_pillars_1, tgw_xom
Lair:1:   layout_roguey, gammafunk_ghost_cemetery,
          chequers_serial_rivers_room_a, grunt_megastairs_5
Lair:2:   mu_elephants_graveyard, layout_cave_pods,
          chequers_serial_rivers_small_a, beast_lair_carwin_8, uniq_maggie
Lair:3:   layout_cave_pods, basic_altar, serial_bayou_shore_a,
          infiniplex_staircase_pool_2
Lair:4:   layout_cave_pods, elwin_shoals_entry_stream,
          ebering_ghost_funeral_grove
Lair:5:   layout_cave_pods, enter_volcano_3, minivault_11, grunt_megastairs_3,
          lemuel_fruit_tree, uniq_nessos
Lair:6:   grunt_lair_end_beastmaster, layout_loops_ring, slime_altar_2,
          grunt_megastairs_1, minmay_lair_oklob_chamber, uniq_urug
Shoals:1: layout_shoals, nicolae_shoals_seven_spires,
          nicolae_shoals_siren_and_animal_friends
Shoals:2: layout_shoals, nicolae_shoals_goliath_grotto
Shoals:3: layout_shoals
Shoals:4: shoals_end_hellmonk_storm_palace [storm_palace_center_circular,
          storm_palace_corner_blocked, storm_palace_corner_reverse_hut,
          storm_palace_corner_altar, storm_palace_corner_reverse_hut],
          uniq_donald
Orc:1:    layout_diamond_mine, minmay_orc_temple_c
Orc:2:    grunt_orc_tribal_feast, layout_caves, serial_shops,
          nicolae_lakefront_shop, nicolae_shop_window_shopping,
          nicolae_shop_stone, nicolae_diamond_shop, nicolae_shop_trees,
          uniq_jorgrun, uniq_rupert

Skill      XL: |  1  2  3  4  5  6  7  8  9 10 11 12 13 14 15 16 17 |
---------------+----------------------------------------------------+-----
Maces & Flails | 4 5 6 12 13 14 15 17 19 | 19.9
Throwing       | 3 4 |  4.0
Fighting       | 9 14 15 | 15.0
Evocations     | 7 8 |  8.0
Dodging        | 9 10 14 | 14.1
Armour         | 8 10 | 10.0
Stealth        | |  3.7

Action                   |  1- 3 |  4- 6 |  7- 9 | 10-12 | 13-15 | 16-18 || total
-------------------------+-------+-------+-------+-------+-------+-------++-------
Melee: Mace              |     6 |   226 |    70 |       |       |       ||   302
       Giant spiked club |       |       |    64 |   120 |   706 |   617 ||  1507
       Dire flail        |       |       |    95 |   448 |       |       ||   543
Throw: Dart              |       |    12 |    36 |       |       |       ||    48
Evoke: Wand              |     3 |     5 |     1 |     5 |     5 |     3 ||    22
       Phantom mirror    |       |       |       |       |       |     1 ||     1
  Use: Potion            |     1 |       |     5 |     1 |     4 |     3 ||    14
       Scroll            |       |     1 |    12 |     6 |    17 |     8 ||    44
 Stab: Sleeping          |     1 |    12 |     8 |     8 |     6 |     1 ||    36
       Distracted        |       |     1 |       |       |     9 |     6 ||    16
       Paralysed         |       |       |       |     1 |     1 |       ||     2
       Invisible         |       |       |       |       |     2 |       ||     2
       Petrified         |       |       |       |       |     7 |       ||     7
Armor: Robe              |       |    63 |    41 |       |       |     1 ||   105
       Steam dragon scal |       |       |     3 |   142 |   161 |    70 ||   376
       Ice dragon scales |       |       |       |       |       |   128 ||   128
Dodge: Dodged            |     3 |   121 |   107 |   266 |   587 |   745 ||  1829
